Map: Ulrena

Players

MarineKing - Winner!

  • Race: Terran Terran
  • League: Diamond

MorN

  • Race: Terran Terran
  • League: Diamond

VOD

Have the link to the VOD?

Description

Time

  • Played on: Nov. 13, 2015, 9:27 p.m.
  • Length: 9:39
Show
View Real Time Build Order
Export as new Build Order

MarineKing Terran - Winner!

Build Orders: 1/1/1, Bio Tank, MMM Bio, Banshee Rush 

Get SALT Encoding   

  12  0:00  SCV  
  13  0:13  SCV  
  14  0:17  Supply Depot  
  14  0:25  SCV  
  15  0:30  Refinery  
  15  0:39  SCV  
  16  0:45  Barracks  
  16  0:51  SCV  
  17  1:03  SCV  
  18  1:15  SCV  
  19  1:32  Orbital Command, Marine  
  20  1:33  Factory  
  20  1:55  Command Center  
  20  1:58  SCV  
  21  2:02  Marine  
  21  2:08  Supply Depot  
  22  2:12  SCV  
  23  2:16  Refinery  
  23  2:25  Starport  
  23  2:31  SCV  
  23  2:33  Marine  
  23  2:34  Factory Tech Lab  
  25  2:43  SCV  
  26  2:55  SCV  
  27  3:07  SCV  
  27  3:09  Banshee  
  31  3:14  Cloaking Field  
  31  3:19  SCV, Engineering Bay  
  32  3:20  Marine  
  33  3:27  Widow Mine  
  33  3:32  SCV  
  37  3:41  Orbital Command  
  37  3:44  SCV  
  37  3:52  Viking  
  37  3:53  Barracks Tech Lab  
  39  4:07  SCV x2  
  39  4:08  Missile Turret  
  41  4:11  Missile Turret  
  41  4:43  Marine  
  41  5:03  SCV x2  
  40  5:10  Marine  
  40  5:13  Barracks  
  41  5:14  Barracks  
  41  5:15  Command Center, SCV x2, Engineering Bay, Barracks  
  41  5:17  Refinery  
  41  5:20  Refinery  
  40  5:25  Stimpack  
  40  5:27  SCV x2  
  42  5:34  Siege Tank  
  42  5:35  Marine  
  46  5:40  Supply Depot  
  46  5:42  Terran Infantry Armor Level 1  
  46  5:45  Terran Infantry Weapons Level 1, Supply Depot  
  46  6:01  SCV x2, Medivac, Marine  
  46  6:02  Barracks Reactor  
  46  6:03  Barracks Reactor  
  46  6:04  Barracks Reactor  
  51  6:07  Siege Tank  
  54  6:16  SCV x2  
  56  6:25  Missile Turret  
  56  6:28  SCV x2  
  56  6:29  Missile Turret  
  56  6:31  SCV, Missile Turret, Marine  
  60  6:33  Starport Reactor  
  58  6:40  SCV  
  58  6:41  SCV  
  55  6:49  Marine  
  55  6:56  Marine x2  
  55  6:57  Siege Tank, Marine x4  
  55  6:59  SCV  
  55  7:00  SCV  
  55  7:01  SCV  
  67  7:15  Marine x7  
  71  7:19  Supply Depot  
  71  7:22  Supply Depot  
  74  7:23  Medivac  
  74  7:29  Armory  
  76  7:32  Combat Shields  
  76  7:38  SCV  
  76  7:41  SCV x2  
  79  7:47  Marine x5  
  79  7:48  Marine x2  
  79  7:50  Medivac  
  88  8:01  Siege Tank  
  88  8:02  Medivac  
  93  8:08  Supply Depot x2  
  93  8:12  Marine x7  
  100  8:29  Medivac  
  101  8:43  Marine x5  
  101  8:44  Siege Tank, Marine  
  110  8:49  Barracks  
  110  8:50  Factory  
  110  9:05  Marine x4  
  110  9:06  Marine x3  
  117  9:13  Supply Depot  
  117  9:15  Supply Depot  
Show
View Real Time Build Order
Export as new Build Order

MorN Terran 

Build Orders: MMM Bio 

Get SALT Encoding   

  12  0:00  SCV  
  13  0:12  SCV  
  14  0:17  Supply Depot  
  14  0:25  SCV  
  15  0:39  SCV  
  15  0:40  Barracks  
  16  0:51  SCV  
  17  1:03  SCV  
  18  1:11  Refinery  
  18  1:15  SCV  
  19  1:28  Marine  
  19  1:29  Orbital Command  
  20  1:42  Command Center  
  20  1:46  Marine  
  21  1:55  SCV, Supply Depot  
  22  2:09  Barracks Reactor  
  22  2:10  SCV  
  23  2:23  SCV  
  24  2:30  Factory  
  24  2:36  SCV, Refinery  
  25  2:43  Barracks  
  25  2:44  Barracks  
  25  2:46  Marine x2  
  25  2:48  SCV  
  28  2:56  Orbital Command  
  28  3:00  SCV  
  28  3:04  Marine  
  28  3:05  Marine  
  31  3:12  SCV  
  32  3:16  Starport  
  32  3:28  SCV  
  32  3:30  SCV, Barracks Reactor  
  32  3:32  Hellion  
  32  3:33  Hellion  
  38  3:37  Barracks Tech Lab x2  
  38  3:43  Supply Depot  
  38  3:45  SCV  
  39  3:50  Starport  
  39  3:53  Engineering Bay  
  39  3:56  SCV  
  39  3:58  Stimpack  
  39  4:02  Refinery  
  39  4:18  Viking  
  39  4:21  Missile Turret  
  39  4:24  Missile Turret  
  39  4:28  SCV  
  39  4:29  SCV, Missile Turret  
  37  4:33  Hellion  
  37  4:40  SCV  
  37  4:42  Barracks Reactor  
  37  4:43  SCV  
  33  4:53  SCV  
  33  4:55  SCV  
  32  5:08  SCV x2  
  32  5:20  Terran Infantry Weapons Level 1, SCV x2  
  32  5:21  Supply Depot  
  31  5:32  SCV x2  
  31  5:33  Marine x2  
  31  5:34  Marine x2  
  37  5:37  Medivac  
  39  5:46  SCV x2  
  41  5:51  Marine x2  
  41  5:54  Marine x2  
  45  5:58  SCV x2  
  45  6:00  Combat Shields  
  47  6:06  Hellion x2  
  47  6:09  Marine x2  
  47  6:10  SCV x2  
  55  6:12  Supply Depot  
  55  6:18  Medivac  
  57  6:19  Medivac  
  57  6:22  SCV  
  57  6:23  SCV  
  61  6:27  Supply Depot  
  57  6:51  Marine x2  
  57  6:52  Marine x2  
  57  6:53  Medivac x2  
  63  6:54  Hellion x2  
  63  6:56  SCV  
  63  7:00  Supply Depot  
  64  7:06  SCV  
  64  7:08  SCV  
  66  7:09  Marine  
  66  7:12  Marine x3  
  66  7:14  Terran Infantry Armor Level 1  
  70  7:19  Hellion x2  
  74  7:24  Supply Depot  
  74  7:27  Marine  
  75  7:30  Marine  
  75  7:32  SCV x2  
  75  7:33  Armory  
  80  7:44  SCV x2, Marauder x2  
  80  7:45  Marine  
  85  7:52  Supply Depot  
  85  7:53  Medivac  
  85  7:56  SCV x2  
  85  7:57  Medivac  
  91  8:04  Hellion  
  93  8:09  SCV, Supply Depot  
  94  8:13  Supply Depot  
  94  8:14  SCV, Hellion  
  94  8:16  Supply Depot  
  97  8:26  Marine x4  
  101  8:31  Hellion  
  103  8:42  Medivac  
  103  8:44  Marine x2  
  103  8:45  Marauder  
  103  8:47  Marine  
  110  8:54  Hellion  
  112  8:58  Command Center  
  112  9:02  Marine x2  
  114  9:05  Marine x2  
  116  9:16  Engineering Bay  
  116  9:19  Marine  
  116  9:20  Marine  
Tags
 
Matchup
TvT
Opening
1/1/1
Race
Terran
Replay Pack
MorN pack 1
Strategy
Banshee Rush
Add a new tag
Caveats
  • Supply blocks, unpowered buildings, or Contaminate may cause inaccurate times.
  • Supply counts are checked every 10 seconds.